 Dungeon Sprint DCSS version 0.22.1-1-ga44c0e56f4 (webtiles) character file.

4679 MuseOD the Unseen (level 10, -13/50 (51) HPs)
             Began as a Spriggan Enchanter on Sept 23, 2018.
             Was a Believer of Dithmenos.
             Mangled by a hellephant (24 damage)
             ... in the Dungeon (Sprint II: "The Violet Keep of Menkaure").
             The game lasted 00:04:14 (1054 turns).

MuseOD the Unseen (Spriggan Enchanter)              Turns: 1054, Time: 00:04:14

HP:   -13/50 (51)   AC:  2    Str: 10      XL:     10   Next: 21%
MP:   13/37         EV: 18    Int: 20 (21) God:    Dithmenos [**....]
Gold: 578           SH:  0    Dex: 16      Spells: 27/36 levels left

rFire    + . .     SeeInvis +   o - +1 dagger (speed)
rCold    + . .     Gourm    .   (shield restricted)
rNeg     . . .     Faith    .   b - +0 robe
rPois    +         Spirit   .   (helmet restricted)
rElec    +         Reflect  .   (no cloak)
rCorr    +         Harm     .   (gloves unavailable)
MR       +....     NoTele   +   (boots unavailable)
Stlth    +++++++++.             f - amulet of rage
HPRegen  0.16/turn              i - ring of magical power
MPRegen  0.25/turn              v - +6 ring of strength

@: resistant, wreathed by umbra, very quick
A: very small, unfitting armour, see invisible, herbivore, speed 3, slow
metabolism 2
a: Shadow Step, Renounce Religion, Evoke Berserk Rage


You were in the Dungeon.
You worshipped Dithmenos.
Dithmenos was pleased with you.
You were not hungry.

You visited 1 branch You collected 578 gold pieces.

Inventory:

Hand Weapons
 a - a +1 dagger
 o - a +1 dagger of speed (weapon)
Armour
 b - a +0 robe (worn)
Jewellery
 f - an amulet of rage (around neck)
 i - a ring of magical power (left hand)
 u - a +3 ring of evasion
 v - a +6 ring of strength (right hand)
Scrolls
 j - a scroll of blinking
 l - a scroll of enchant weapon {unknown}
 m - a scroll of fear {unknown}
 n - a scroll of fog {unknown}
 p - a scroll of amnesia {unknown}
 r - 3 scrolls of identify {unknown}
 s - a scroll of remove curse {unknown}
Potions
 c - 2 potions of degeneration {unknown}
 e - 2 potions of curing
 g - 3 potions of resistance
 h - 5 potions of magic
 k - a potion of cancellation {unknown}
 q - 3 potions of haste
 t - a potion of lignification {unknown}
 w - 2 potions of flight
Comestibles
 d - 8 rations


   Skills:
 - Level 5.4 Fighting
 - Level 10.4 Short Blades
 - Level 3.0 Dodging
 + Level 19.5 Stealth
 + Level 13.9 Spellcasting
 + Level 14.0 Hexes


You had 27 spell levels left.
You knew the following spells:

 Your Spells              Type           Power        Failure   Level  Hunger
a - Corona                Hex            ######.      0%          1    None
b - Ensorcelled Hibernat  Hex/Ice        #####.       1%          2    None
c - Confuse               Hex            ######..     1%          3    None
d - Dazzling Spray        Conj/Hex       #####.       1%          3    None

Your spell library contained the following spells:

 Spells                   Type           Power        Failure   Level  Hunger
 Tukima's Dance           Hex            ######..     1%          3    None


Dungeon Overview and Level Annotations

Branches:
Dungeon (1/1)

Altars:
Cheibriados
Dithmenos
Elyvilon
Fedhas
Gozag
Hepliaklqana
Kikubaaqudgha
Makhleb
Nemelex Xobeh
Okawaru
Qazlal
Ru
Sif Muna
Trog
Uskayaw
Vehumet
Wu Jian
Xom
Yredelemnul
Zin
The Shining One
Beogh
Jiyva
Lugonu


Innate Abilities, Weirdness & Mutations

You are very small and have problems with some larger weapons.
You are too small for most types of armour.
You have supernaturally acute eyesight. (SInv)
You are a herbivore.
You cover ground extremely quickly.
You need to consume almost no food.


Message History

Aiming: Confuse (safe; 1% risk of failure)
Press: ? - help, Shift-Dir - straight line, f - glowing orange brain, p -
Aim: a glowing orange brain (umbra, chance to defeat MR: 15%)
The glowing orange brain resists with almost no effort.
The glowing orange brain pulsates.
Casting: Confuse (safe; 1% risk of failure)
Confirm with . or Enter, or press ? or * to list all spells.
Aiming: Confuse (safe; 1% risk of failure)
Press: ? - help, Shift-Dir - straight line, f/p - glowing orange brain
Aim: a glowing orange brain (umbra, chance to defeat MR: 15%)
Okay, then.
Casting: Confuse (safe; 1% risk of failure)
Confirm with . or Enter, or press ? or * to list all spells.
Aiming: Dazzling Spray (safe; 1% risk of failure)
Press: ? - help, Shift-Dir - straight line, f/p - glowing orange brain
Aim: a glowing orange brain (umbra)
The spray of energy hits the hellephant.
The hellephant is lightly wounded.
The hellephant tramples you!!
You die...

#.# k#}"▓..(...[.▓▓.⌠.▓
'^##.#[|▓.....[..▓▓...▓
#...####▓..[[)..(▓▓..G▓
##..##.#▓(..[...)▓▓.q.▓
E+..#).#▓)...([g.▓▓...▓
)#..#†.#▓((.((((.▓▓$⌠$▓
##..##.#▓...)(bG.▓▓..)▓
###...##▓▓▓▓▓▓▓Y▓▓▓▓'▓▓
..≈≈≈≈≈≈≈≈≈≈≈≈≈.@.≈≈≈▓
..≈#'########+###.≈≈≈▓
§.≈#._._._..#t§§##≈≈≈▓
§.≈#.._._._.#§≈≈≈####▓
≈≈≈#._._._._#§§§≈§
≈≈≈#_._._._.#≈§§§§
§§≈#._._._..#§≈≈§§
#≈≈#_._._...#§t≈≈
#≈≈#._._....#≈≈§


You could see a hellephant, a glowing orange brain, a goblin and a bat.

Vanquished Creatures
  A kraken (D)
  A fire dragon (D)
  A death yak (D)
  Sonja (D)
  A yaktaur (D)
  3 polar bears (D)
  A hornet (D)
  4 necrophages (D)
13 creatures vanquished.

Vanquished Creatures (others)
  A crocodile (D)
1 creature vanquished.

Grand Total: 14 creatures vanquished

Notes
Turn   | Place    | Note
-------+----------+-------------------------------------------
     0 | D        | MuseOD the Spriggan Enchanter began the quest for the Orb.
     0 | D        | Reached XP level 1. HP: 9/9 MP: 5/5
     1 | D        | Noticed a necrophage
     1 | D        | Noticed a necrophage
     1 | D        | Noticed a necrophage
     1 | D        | Noticed a necrophage
    12 | D        | Killed a necrophage
    12 | D        | Reached skill level 7 in Stealth
    12 | D        | Reached XP level 2. HP: 16/16 MP: 6/6
    12 | D        | Reached XP level 3. HP: 20/20 MP: 8/8
    12 | D        | Reached XP level 4. HP: 24/24 MP: 9/9
    21 | D        | Killed a necrophage
    21 | D        | Reached skill level 9 in Stealth
    21 | D        | Reached XP level 5. HP: 30/30 MP: 10/10
    25 | D        | Killed a necrophage
    25 | D        | Reached skill level 5 in Fighting
    25 | D        | Reached skill level 10 in Stealth
    58 | D        | Killed a necrophage
    58 | D        | Reached skill level 10 in Short Blades
    58 | D        | Reached skill level 11 in Stealth
    58 | D        | Reached XP level 6. HP: 16/34 MP: 11/11
    62 | D        | Learned a level 2 spell: Ensorcelled Hibernation
    66 | D        | Learned a level 3 spell: Confuse
    74 | D        | Found a glowing silver altar of Zin.
    75 | D        | Found a glowing golden altar of the Shining One.
    75 | D        | Found a basalt altar of Yredelemnul.
    75 | D        | Found a hide-covered altar of Uskayaw.
    76 | D        | Found a shimmering altar of Xom.
    76 | D        | Found a bloodstained altar of Trog.
    77 | D        | Found an ornate altar of the Wu Jian Council.
    77 | D        | Found a deep blue altar of Sif Muna.
    77 | D        | Found a corrupted altar of Lugonu.
    77 | D        | Found a radiant altar of Vehumet.
    77 | D        | Found a burning altar of Makhleb.
    78 | D        | Found a sacrificial altar of Ru.
    78 | D        | Found an ancient bone altar of Kikubaaqudgha.
    78 | D        | Found a white marble altar of Elyvilon.
    79 | D        | Found a stormy altar of Qazlal.
    79 | D        | Found a viscous altar of Jiyva.
    79 | D        | Found a shadowy altar of Dithmenos.
    80 | D        | Found a hazy altar of Hepliaklqana.
    80 | D        | Found a snail-covered altar of Cheibriados.
    82 | D        | Found a roughly hewn altar of Beogh.
    82 | D        | Found a sparkling altar of Nemelex Xobeh.
    82 | D        | Found a blossoming altar of Fedhas.
    83 | D        | Found an opulent altar of Gozag.
    83 | D        | Found an iron altar of Okawaru.
    88 | D        | Became a worshipper of Dithmenos the Shadowed
    98 | D        | Noticed an iron elemental
   108 | D        | Noticed a death yak
   109 | D        | Killed a death yak
   109 | D        | Reached skill level 14 in Stealth
   109 | D        | Reached XP level 7. HP: 15/38 MP: 11/19
   122 | D        | Learned a level 3 spell: Dazzling Spray
   376 | D        | Noticed a deep elf master archer
   379 | D        | Noticed a fire dragon
   381 | D        | Killed a fire dragon
   381 | D        | Reached skill level 16 in Stealth
   381 | D        | Reached skill level 10 in Spellcasting
   381 | D        | Reached skill level 10 in Hexes
   381 | D        | Reached XP level 8. HP: 41/43 MP: 20/23
   419 | D        | Noticed a death drake
   641 | D        | Noticed a yaktaur
   641 | D        | Noticed a hornet
   641 | D        | Noticed a polar bear
   642 | D        | Killed a hornet
   642 | D        | Reached * piety under Dithmenos
   643 | D        | Noticed a polar bear
   645 | D        | Noticed a polar bear
   652 | D        | Killed a yaktaur
   652 | D        | Reached XP level 9. HP: 46/46 MP: 15/24
   658 | D        | Killed a polar bear
   660 | D        | Killed a polar bear
   660 | D        | Reached ** piety under Dithmenos
   660 | D        | Reached skill level 17 in Stealth
   662 | D        | Killed a polar bear
   807 | D        | Noticed a kraken
   815 | D        | Found the cursed necklace of Bloodlust {*Rage +Rage MR++
                  | Int-3 Slay+6 *Curse}
   985 | D        | Killed a kraken
   985 | D        | Reached skill level 19 in Stealth
   985 | D        | Reached XP level 10. HP: 50/50 MP: 28/28
   994 | D        | Noticed Sonja
   994 | D        | Noticed a glowing orange brain
   995 | D        | Noticed a yellow draconian shifter
   995 | D        | Noticed a hellephant
  1004 | D        | Killed Sonja
  1054 | D        | Mangled by a hellephant

Skill      XL: |  1  2  3  4  5  6  7  8  9 10 |
---------------+-------------------------------+-----
Fighting       | 3 4 5 |  5.4
Short Blades   | 6 8 10 | 10.4
Stealth        | 7 9 11 14 16 19 | 19.5
Spellcasting   | 8 10 13 | 13.9
Hexes          | 8 10 11 13 14 | 14.0
Dodging        | |  3.0

Action                   |  1- 3 |  4- 6 |  7- 9 | 10-12 || total
-------------------------+-------+-------+-------+-------++-------
Melee: Dagger            |     6 |    44 |    20 |    11 ||    81
 Cast: Confuse           |       |       |     5 |     6 ||    11
       Dazzling Spray    |       |       |       |     4 ||     4
       Ensorcelled Hiber |       |       |       |     1 ||     1
  Use: Potion            |     1 |     2 |       |     2 ||     5
 Stab: Sleeping          |       |     2 |     1 |     1 ||     4
       Confused          |       |       |    10 |     1 ||    11
Armor: Robe              |       |     3 |       |       ||     3
Dodge: Dodged            |     5 |    13 |    11 |     3 ||    32
